Map: [ESL] Data-C

Players

maru - Winner!

  • Race: Terran Terran
  • League: Diamond
  • Spawn Location: 9:00

DPGherO (herO)

  • Race: Protoss Protoss
  • Spawn Location: 3:00

Event: TSL 9

VOD

Have the link to the VOD?

Description

Time

  • Played on: Sept. 2, 2022, 6:56 a.m.
  • Length: 10:24

All games in this series

Show
View Real Time Build Order
Export as new Build Order

maru Terran - Winner!

Build Orders: 1/1/1 

Get SALT Encoding   

  12  0:00  SCV  
  13  0:12  SCV  
  14  0:16  Supply Depot  
  14  0:24  SCV  
  15  0:38  SCV  
  15  0:40  Barracks  
  16  0:43  Refinery  
  16  0:50  SCV  
  16  0:53  Refinery  
  17  1:02  SCV  
  18  1:14  SCV  
  19  1:26  Reaper, Orbital Command  
  19  1:30  Supply Depot  
  20  1:42  Factory  
  20  1:52  SCV  
  21  1:59  Barracks Reactor  
  21  2:04  SCV  
  22  2:16  SCV  
  22  2:20  Command Center  
  23  2:29  SCV  
  24  2:30  Starport  
  24  2:36  Widow Mine  
  26  2:40  Supply Depot  
  26  2:41  SCV  
  27  2:45  Marine  
  27  2:47  Marine  
  29  2:53  SCV  
  30  3:02  Widow Mine  
  30  3:03  Marine  
  30  3:05  Marine  
  34  3:06  Medivac  
  34  3:09  SCV  
  37  3:21  SCV  
  37  3:23  Barracks  
  37  3:24  Marine  
  39  3:27  Factory Tech Lab  
  39  3:31  Marine  
  40  3:36  SCV  
  41  3:42  Barracks, Starport Tech Lab  
  41  3:47  Marine  
  41  3:48  SCV  
  43  3:52  Orbital Command  
  42  4:00  SCV  
  43  4:04  Engineering Bay  
  43  4:09  Marine x2  
  45  4:15  Supply Depot  
  45  4:18  SCV  
  45  4:21  Marine  
  45  4:22  Stimpack  
  45  4:23  SCV  
  48  4:30  Terran Infantry Weapons Level 1, SCV  
  49  4:35  SCV  
  49  4:36  Marine x3  
  53  4:41  Starport Reactor  
  53  4:42  SCV, Factory Reactor  
  54  4:45  Supply Depot  
  54  4:48  SCV  
  55  4:52  Combat Shield  
  55  4:54  SCV  
  55  4:57  Marauder  
  55  4:58  Marauder  
  55  4:59  Marine x2  
  62  5:03  Supply Depot  
  62  5:04  SCV  
  61  5:08  SCV  
  59  5:16  Marine, SCV  
  59  5:17  Marine  
  59  5:18  Marine  
  59  5:20  SCV  
  62  5:25  Widow Mine x2  
  62  5:26  Supply Depot  
  62  5:28  SCV  
  67  5:32  SCV  
  67  5:33  Medivac x2  
  72  5:38  Marauder  
  72  5:40  Marauder  
  76  5:46  Supply Depot  
  76  5:48  Widow Mine x2  
  80  5:53  SCV x2  
  80  5:54  Supply Depot  
  82  6:01  Marine  
  82  6:02  Marauder  
  85  6:05  SCV  
  85  6:07  Medivac  
  85  6:08  Marauder  
  85  6:10  SCV  
  91  6:11  Supply Depot  
  91  6:17  Marine  
  92  6:21  SCV  
  92  6:22  SCV  
  92  6:23  Marauder  
  95  6:29  Marauder  
  95  6:30  Terran Infantry Armor Level 1  
  97  6:33  SCV  
  97  6:34  SCV  
  97  6:35  Marine x2  
  101  6:44  Marine  
  101  6:45  SCV  
  103  6:48  Command Center  
  103  6:50  Marine  
  103  6:51  SCV, Refinery x2  
  105  6:58  Widow Mine x2, SCV  
  109  7:01  Concussive Shells  
  109  7:04  Supply Depot  
  109  7:09  SCV  
  109  7:10  Barracks  
  109  7:11  Barracks  
  110  7:25  SCV, Supply Depot  
  110  7:26  Marauder x2, Ghost Academy  
  110  7:28  SCV  
  113  7:38  SCV  
  113  7:40  SCV  
  114  7:46  Marine  
  114  7:47  Marauder  
  114  7:48  Widow Mine x2  
  114  7:50  SCV  
  122  7:52  SCV  
  122  7:54  Medivac  
  125  8:00  Barracks Reactor, Barracks Tech Lab  
  125  8:02  SCV, Supply Depot  
  126  8:08  Medivac  
  126  8:09  SCV  
  129  8:13  Orbital Command, Ghost  
  131  8:24  Medivac  
  133  8:27  Ghost  
  133  8:31  SCV  
  133  8:32  SCV  
  133  8:33  Supply Depot  
  137  8:38  Medivac, Ghost  
  137  8:39  Marine x2  
  137  8:40  Marine x2  
  145  8:45  SCV x3  
  148  8:54  Ghost  
  146  8:56  Marine  
  146  8:57  Marine x2, SCV x2  
  146  8:58  SCV  
  150  9:03  Refinery  
  150  9:05  Refinery  
  150  9:06  Supply Depot  
  150  9:07  Ghost  
  150  9:09  SCV x2  
  141  9:10  Marine  
  141  9:12  Widow Mine x2  
  141  9:15  SCV  
  145  9:21  SCV  
  146  9:27  Marine x2, Marauder  
  146  9:28  Marauder  
  150  9:36  Ghost  
  148  9:39  Widow Mine x2  
  148  9:41  Marine x2  
  140  9:49  Marauder, SCV x3  
  140  9:50  Armory  
  149  10:05  Command Center  
Show
View Real Time Build Order
Export as new Build Order

DPGherO Protoss 

Build Orders: 1 Gate Expand, Phoenix Opening 

Get SALT Encoding   

  12  0:00  Probe  
  13  0:12  Probe  
  14  0:19  Pylon  
  14  0:24  Probe  
  15  0:37  Probe (Chrono Boost), Gateway  
  16  0:46  Assimilator, Probe (Chrono Boost)  
  17  0:52  Probe  
  18  1:04  Probe  
  19  1:16  Probe  
  20  1:24  Cybernetics Core  
  20  1:34  Nexus  
  20  1:39  Pylon  
  20  1:45  Assimilator  
  20  1:48  Probe  
  21  1:58  Adept (Chrono Boost)  
  21  2:00  Probe  
  24  2:12  Probe  
  25  2:17  Stargate  
  25  2:20  Adept  
  27  2:24  Probe  
  27  2:28  Warp Gate  
  28  2:36  Probe (Chrono Boost)  
  29  2:47  Probe (Chrono Boost)  
  31  2:52  Adept  
  31  2:54  Probe (Chrono Boost)  
  31  2:56  Probe (Chrono Boost)  
  34  3:00  Phoenix (Chrono Boost)  
  34  3:01  Probe x2 (Chrono Boost)  
  38  3:13  Probe x2  
  38  3:16  Phoenix (Chrono Boost)  
  38  3:19  Pylon  
  42  3:25  Probe x2  
  44  3:35  Phoenix (Chrono Boost)  
  44  3:37  Probe  
  44  3:38  Probe  
  44  3:40  Assimilator  
  47  3:49  Probe  
  47  3:50  Probe  
  49  3:56  Phoenix (Chrono Boost)  
  49  3:59  Gateway  
  49  4:01  Pylon  
  49  4:02  Probe x2  
  53  4:14  Twilight Council, Probe  
  54  4:19  Phoenix (Chrono Boost), Probe  
  57  4:26  Probe  
  58  4:37  Nexus  
  58  4:40  Pylon  
  58  4:41  Probe x2  
  58  4:43  Assimilator  
  60  4:53  Probe x2  
  60  4:54  Shield Battery  
  60  4:57  Templar Archives  
  60  4:58  Charge  
  62  5:02  Shield Battery  
  62  5:06  Probe x2  
  64  5:14  Gateway  
  64  5:16  Gateway  
  64  5:20  Probe x2  
  66  5:21  Psionic Storm  
  66  5:29  Gateway  
  66  5:33  Gateway  
  66  5:34  High Templar x2  
  70  5:41  Pylon  
  70  5:45  Pylon  
  70  5:49  Probe (Chrono Boost)  
  72  5:50  Probe (Chrono Boost)  
  72  5:54  Probe (Chrono Boost)  
  72  5:56  Shield Battery  
  73  5:59  Probe (Chrono Boost)  
  73  6:00  Probe (Chrono Boost)  
  73  6:03  Probe (Chrono Boost)  
  76  6:04  Probe (Chrono Boost)  
  76  6:05  Probe (Chrono Boost)  
  76  6:08  High Templar, Gateway  
  80  6:13  Probe  
  80  6:14  Sentry, Forge  
  80  6:16  Probe  
  80  6:17  Probe  
  85  6:22  Zealot x2  
  89  6:26  Shield Battery  
  89  6:28  Shield Battery  
  89  6:35  Stalker x2  
  89  6:39  Pylon  
  93  6:42  Stalker x2  
  93  6:46  Stalker  
  99  6:47  Stalker  
  101  6:56  Pylon  
  101  6:57  Probe x3  
  101  7:00  High Templar, Cybernetics Core, Gateway  
  101  7:01  Zealot, Protoss Ground Weapons Level 1 (Chrono Boost)  
  106  7:06  Pylon  
  108  7:12  Assimilator x2  
  108  7:15  Probe x3  
  111  7:17  High Templar  
  111  7:18  Zealot  
  111  7:19  Zealot  
  111  7:22  Pylon  
  117  7:24  Pylon  
  115  7:34  Zealot x3  
  121  7:41  Stalker x2  
  121  7:43  Robotics Facility  
  125  7:49  Zealot  
  121  7:52  Gateway  
  121  7:54  Gateway  
  121  7:55  Pylon  
  121  7:57  Zealot  
  121  7:58  Zealot x3  
  125  7:59  Gateway  
  125  8:05  Zealot x2  
  129  8:08  Pylon  
  129  8:13  Pylon  
  129  8:20  Pylon  
  129  8:23  Probe  
  129  8:26  High Templar  
  132  8:27  High Templar  
  132  8:31  Nexus, Observer (Chrono Boost)  
  132  8:32  Zealot x3  
  133  8:42  Robotics Facility  
  133  8:43  Pylon  
  133  8:45  Robotics Facility  
  129  8:52  Observer (Chrono Boost)  
  130  8:55  Zealot  
  130  8:56  Zealot x3  
  136  9:04  Pylon  
  136  9:05  Warp Prism (Chrono Boost)  
  134  9:20  Zealot x6  
  134  9:21  Zealot x2  
  134  9:23  Shield Battery  
  146  9:32  Archon  
  146  9:34  Gateway  
  123  9:39  Zealot  
  107  9:46  Zealot  
  107  9:47  Zealot x7  
  122  9:54  Observer (Chrono Boost), Robotics Bay  
  94  10:15  Zealot x5  
  94  10:16  Zealot x4  
Tags
 
Add a new tag
Caveats
  • Supply blocks, unpowered buildings, or Contaminate may cause inaccurate times.
  • Supply counts are checked every 10 seconds.